NYP
EVERETT AQUASOX @ LOS ANGELES (NYP) ANGELS
07/01/2044
 
TOP OF THE 1ST
Everett AquaSox batting - Pitching for Los Angeles (NYP) Angels : LHP Jon Curtis
Pitching: LHP Jon Curtis
Batting: SHB Raghnall Ahearne 0-0: Ball
1-0: DOUBLE (Line Drive, 7LM, EV 106.9 MPH)
Batting: LHB Kenny Gerrity 0-0: Foul Ball, location: 2F
0-1: Fly out, F5 (Line Drive, 5, EV 73.8 MPH)
Batting: RHB John Peterson 0-0: Ball
Raghnall Ahearne steals 3rd base (no throw)
1-0: Called Strike
1-1: Foul Ball, location: 2F
1-2: Ball
2-2: Foul Ball, location: 2F
2-2: Ball
3-2: Foul Ball, location: 2F
3-2: Foul Ball, location: 2F
3-2: 2-RUN HOME RUN (Flyball, 8LXD, EV 116.2 MPH), Distance : 462 ft
Batting: RHB Robby Cuellar 0-0: Ball
1-0: Ball
2-0: Ball
3-0: Base on Balls
Batting: SHB Detlef Oursler 0-0: Ball
1-0: Ball
2-0: Ball
3-0: Called Strike
3-1: Swinging Strike
3-2: SINGLE (Groundball, 25, EV 60.0 MPH) (infield hit)
Robby Cuellar to second
Batting: RHB Chris Van Niel 0-0: Ball
1-0: Ball
2-0: Called Strike
2-1: Called Strike
2-2: Ball
3-2: Strikes out swinging
Batting: LHB Ryan Rothenbach 0-0: Ground out 4-3 (Groundball, 4, EV 101.2 MPH)
Top of the 1st over - 2 runs, 3 hits, 0 errors, 2 left on base; Everett 2 - Los Angeles (NYP) 0
BOTTOM OF THE 1ST
Los Angeles (NYP) Angels batting - Pitching for Everett AquaSox : RHP Jose Albarran
Pitching: RHP Jose Albarran
Batting: RHB Randy Grewe 0-0: Ball
1-0: Called Strike
1-1: Ball
2-1: Foul Ball, location: 2F
2-2: Strikes out looking
Batting: RHB Steve Hasson 0-0: Foul Ball, location: 2F
0-1: Ball
1-1: Ball
2-1: Swinging Strike
2-2: Foul Ball, location: 2F
2-2: Strikes out looking
Batting: RHB Jeff Long 0-0: Fly out, F4 (Popup, 3S, EV 83.1 MPH)
Bottom of the 1st over - 0 runs, 0 hits, 0 errors, 0 left on base; Everett 2 - Los Angeles (NYP) 0
TOP OF THE 2ND
Everett AquaSox batting - Pitching for Los Angeles (NYP) Angels : LHP Jon Curtis
Batting: SHB Ryan Clark 0-0: Ground out 5-3 (Groundball, 56, EV 80.6 MPH)
Batting: RHB Omar Solis 0-0: Ball
1-0: Called Strike
1-1: Ball
2-1: Ball
3-1: Base on Balls
Batting: SHB Raghnall Ahearne 0-0: Ball
1-0: Fielders Choice at 2nd, 5-4 (Groundball, 5D, EV 83.1 MPH)
Batting: LHB Kenny Gerrity 0-0: Called Strike
0-1: Ball
1-1: Ball
2-1: Swinging Strike
2-2: Strikes out swinging
Top of the 2nd over - 0 runs, 0 hits, 0 errors, 1 left on base; Everett 2 - Los Angeles (NYP) 0
BOTTOM OF THE 2ND
Los Angeles (NYP) Angels batting - Pitching for Everett AquaSox : RHP Jose Albarran
Batting: SHB Conor Davies 0-0: Ground out 6-3 (Groundball, 6, EV 83.1 MPH)
Batting: RHB Jason Habeck 0-0: Called Strike
0-1: Fly out, F8 (Flyball, 8RM, EV 86.2 MPH)
Batting: RHB Steve Hughey 0-0: Fly out, F9 (Flyball, 9, EV 91.2 MPH)
Bottom of the 2nd over - 0 runs, 0 hits, 0 errors, 0 left on base; Everett 2 - Los Angeles (NYP) 0
TOP OF THE 3RD
Everett AquaSox batting - Pitching for Los Angeles (NYP) Angels : LHP Jon Curtis
Batting: RHB John Peterson 0-0: Ball
1-0: Foul Ball, location: 2F
1-1: Foul Ball, location: 2F
1-2: Ball
2-2: Foul Ball, location: 2F
2-2: Ball
3-2: Foul Ball, location: 2F
3-2: Fly out, F8 (Line Drive, 8RD, EV 103.1 MPH)
Batting: RHB Robby Cuellar 0-0: Called Strike
0-1: Ball
1-1: DOUBLE (Line Drive, 7LM, EV 105.0 MPH)
Batting: SHB Detlef Oursler 0-0: Called Strike
0-1: Ball
1-1: Swinging Strike
1-2: Foul Ball, location: 2F
1-2: Fly out, F9 (Flyball, 89D, EV 107.5 MPH)
Batting: RHB Chris Van Niel 0-0: Foul Ball, location: 2F
0-1: Foul Ball, location: 2F
0-2: Ball
1-2: Strikes out swinging
Top of the 3rd over - 0 runs, 1 hit, 0 errors, 1 left on base; Everett 2 - Los Angeles (NYP) 0
BOTTOM OF THE 3RD
Los Angeles (NYP) Angels batting - Pitching for Everett AquaSox : RHP Jose Albarran
Batting: RHB David Kunze 0-0: Ball
1-0: Ball
2-0: Foul Ball, location: 2F
2-1: Foul Ball, location: 2F
2-2: Foul Ball, location: 2F
2-2: Ball
3-2: SINGLE (Groundball, 34D, EV 96.9 MPH)
Batting: RHB Mario Velazquez 0-0: Swinging Strike
0-1: Swinging Strike
0-2: Strikes out swinging
Batting: RHB D.J. Martinez 0-0: Called Strike
0-1: Called Strike
David Kunze steals 2nd base
0-2: Ball
1-2: SINGLE (Groundball, 6MD, EV 95.0 MPH)
David Kunze to third
Batting: RHB Randy Grewe 0-0: Foul Ball, location: 2F
0-1: Swinging Strike
0-2: Foul Ball, location: 2F
0-2: Ball
1-2: SINGLE (Groundball, 6D, EV 95.6 MPH)
David Kunze scores
D.J. Martinez to second
Batting: RHB Steve Hasson 0-0: Ball
1-0: Called Strike
1-1: Called Strike
1-2: SINGLE (Groundball, 6MD, EV 94.4 MPH)
D.J. Martinez to third
Randy Grewe to second
Runner from 3rd tries for Home, SAFE, throw by CF to home
Batting: RHB Jeff Long 0-0: Fly out, F9 (Flyball, 89D, EV 91.9 MPH)
Runner from 2nd tags up, SAFE at 3rd, no throw by RF
Batting: SHB Conor Davies 0-0: Ball
1-0: Swinging Strike
1-1: Ball
2-1: Called Strike
2-2: Strikes out swinging
Bottom of the 3rd over - 2 runs, 4 hits, 0 errors, 2 left on base; Everett 2 - Los Angeles (NYP) 2
TOP OF THE 4TH
Everett AquaSox batting - Pitching for Los Angeles (NYP) Angels : LHP Jon Curtis
Batting: LHB Ryan Rothenbach 0-0: Ball
1-0: Called Strike
1-1: Ball
2-1: Swinging Strike
2-2: Foul Ball, location: 2F
2-2: Ball
3-2: Base on Balls
Batting: SHB Ryan Clark 0-0: Ball
1-0: Ball
2-0: Ball
3-0: Called Strike
3-1: Base on Balls
Ryan Rothenbach to second
Batting: RHB Omar Solis 0-0: SINGLE (Line Drive, 7S, EV 100.6 MPH)
Ryan Rothenbach to third
Ryan Clark to second
Batting: SHB Raghnall Ahearne 0-0: Called Strike
0-1: Called Strike
0-2: Ball
1-2: Strikes out swinging
Batting: LHB Kenny Gerrity 0-0: Called Strike
Balk!
Ryan Rothenbach scores
Ryan Clark to third
Omar Solis to second
0-1: Ground out U3 (Groundball, 3, EV 108.8 MPH)
Batting: RHB John Peterson 0-0: Called Strike
0-1: Called Strike
0-2: Foul Ball, location: 2F
0-2: Ball
1-2: Ball
2-2: Strikes out swinging
Top of the 4th over - 1 run, 1 hit, 0 errors, 2 left on base; Everett 3 - Los Angeles (NYP) 2
BOTTOM OF THE 4TH
Los Angeles (NYP) Angels batting - Pitching for Everett AquaSox : RHP Jose Albarran
Batting: RHB Jason Habeck 0-0: Foul Ball, location: 2F
0-1: Ball
1-1: Ball
2-1: Ball
3-1: Foul Ball, location: 2F
3-2: SINGLE (Groundball, 56D, EV 96.9 MPH)
Batting: RHB Steve Hughey 0-0: Called Strike
0-1: Called Strike
0-2: Foul Ball, location: 2F
0-2: Fly out, F9 (Flyball, 9D, EV 100.6 MPH)
Batting: RHB David Kunze 0-0: Ball
1-0: Called Strike
1-1: Called Strike
1-2: Foul Ball, location: 2F
1-2: Ball
2-2: Foul Ball, location: 2F
2-2: Ball
3-2: Foul Ball, location: 2F
3-2: Foul Ball, location: 2F
3-2: Base on Balls
Jason Habeck to second
Batting: RHB Mario Velazquez 0-0: Ball
1-0: Called Strike
1-1: Ball
2-1: Called Strike
2-2: Grounds into double play, 6-4-3 (Groundball, 6, EV 86.9 MPH)
Bottom of the 4th over - 0 runs, 1 hit, 0 errors, 1 left on base; Everett 3 - Los Angeles (NYP) 2
TOP OF THE 5TH
Everett AquaSox batting - Pitching for Los Angeles (NYP) Angels : LHP Jon Curtis
Batting: RHB Robby Cuellar 0-0: Ball
1-0: Fly out, F7 (Flyball, 78M, EV 97.5 MPH)
Batting: SHB Detlef Oursler 0-0: Called Strike
0-1: Called Strike
0-2: Strikes out swinging
Batting: RHB Chris Van Niel 0-0: Ground out 6-3 (Groundball, 6M, EV 83.8 MPH)
Top of the 5th over - 0 runs, 0 hits, 0 errors, 0 left on base; Everett 3 - Los Angeles (NYP) 2
BOTTOM OF THE 5TH
Los Angeles (NYP) Angels batting - Pitching for Everett AquaSox : RHP Jose Albarran
Batting: RHB D.J. Martinez 0-0: Swinging Strike
0-1: DOUBLE (Groundball, 5L, EV 103.8 MPH)
Batting: RHB Randy Grewe 0-0: Called Strike
0-1: Fly out, F8 (Flyball, 8LM, EV 75.0 MPH)
Batting: RHB Steve Hasson 0-0: Ball
1-0: SINGLE (Groundball, 56D, EV 100.6 MPH)
D.J. Martinez to third
Runner from 3rd tries for Home, throw by LF and OUT! 7-2
Pitching: RHP Jason Childress
Batting: RHB Jeff Long 0-0: Called Strike
0-1: Called Strike
0-2: Ball
1-2: SINGLE (Groundball, 6MD, EV 105.6 MPH)
Steve Hasson to second
Runner from 2nd tries for 3rd, SAFE, throw by CF made to third
Jeff Long to second
Batting: SHB Conor Davies 0-0: Called Strike
0-1: Called Strike
0-2: Foul Ball, location: 2F
0-2: Ball
1-2: Ball
2-2: Foul Ball, location: 2F
2-2: Strikes out swinging
Bottom of the 5th over - 0 runs, 3 hits, 0 errors, 2 left on base; Everett 3 - Los Angeles (NYP) 2
TOP OF THE 6TH
Everett AquaSox batting - Pitching for Los Angeles (NYP) Angels : LHP Jon Curtis
Batting: LHB Ryan Rothenbach 0-0: Ball
1-0: Called Strike
1-1: Called Strike
1-2: Strikes out swinging
Batting: SHB Ryan Clark 0-0: Ball
1-0: Foul Ball, location: 2F
1-1: Foul Ball, location: 2F
1-2: Ball
2-2: Strikes out swinging
Batting: RHB Omar Solis 0-0: Ball
1-0: Fly out, F4 (Flyball, 34D, EV 90.0 MPH)
Top of the 6th over - 0 runs, 0 hits, 0 errors, 0 left on base; Everett 3 - Los Angeles (NYP) 2
BOTTOM OF THE 6TH
Los Angeles (NYP) Angels batting - Pitching for Everett AquaSox : RHP Jason Childress
Batting: RHB Jason Habeck 0-0: Ground out 6-3 (Groundball, 6, EV 83.1 MPH)
Batting: RHB Steve Hughey 0-0: Called Strike
0-1: Ball
1-1: Foul Ball, location: 2F
1-2: Foul Ball, location: 2F
1-2: Ball
2-2: Strikes out looking
Batting: RHB David Kunze 0-0: Ball
1-0: Called Strike
1-1: Swinging Strike
1-2: Foul Ball, location: 2F
1-2: SINGLE (Line Drive, 9S, EV 103.1 MPH)
Batting: RHB Mario Velazquez 0-0: Ball
1-0: Ball
David Kunze steals 2nd base
2-0: Called Strike
2-1: DOUBLE (Flyball, 89D, EV 107.5 MPH)
David Kunze scores
Batting: RHB D.J. Martinez 0-0: Ball
1-0: Ball
2-0: Called Strike
2-1: Foul Ball, location: 2F
2-2: Strikes out swinging
Bottom of the 6th over - 1 run, 2 hits, 0 errors, 1 left on base; Everett 3 - Los Angeles (NYP) 3
TOP OF THE 7TH
Everett AquaSox batting - Pitching for Los Angeles (NYP) Angels : LHP Jon Curtis
Batting: SHB Raghnall Ahearne 0-0: Ball
1-0: Ball
2-0: Called Strike
2-1: Foul Ball, location: 2F
2-2: SINGLE (Groundball, P, EV 86.9 MPH) (infield hit)
Batting: LHB Kenny Gerrity 0-0: Ball
Raghnall Ahearne steals 2nd base
1-0: Called Strike
1-1: Bunted foul
1-2: Ball
2-2: Ball
3-2: SINGLE (Flyball, 34D, EV 88.8 MPH)
Raghnall Ahearne to third
Pitching: RHP Pete Warren
Batting: RHB John Peterson 0-0: Ball
1-0: Foul Ball, location: 2F
1-1: Ball
2-1: Ball
3-1: Foul Ball, location: 2F
3-2: Fly out, F7 (Flyball, 7LM, EV 98.8 MPH)
Batting: RHB Robby Cuellar 0-0: Ball
1-0: Ball
2-0: Fly out, F8 (Flyball, 8LM, EV 80.6 MPH)
Batting: SHB Detlef Oursler 0-0: Ball
1-0: Ball
2-0: Called Strike
2-1: Foul Ball, location: 2F
2-2: Ball
Kenny Gerrity is caught stealing 2nd base 2-6
Top of the 7th over - 0 runs, 2 hits, 0 errors, 1 left on base; Everett 3 - Los Angeles (NYP) 3
BOTTOM OF THE 7TH
Los Angeles (NYP) Angels batting - Pitching for Everett AquaSox : RHP Jason Childress
Pitching: RHP Rob Henry
Batting: RHB Randy Grewe 0-0: Ball
1-0: Foul Ball, location: 2F
1-1: Swinging Strike
1-2: Ball
2-2: Strikes out looking
Batting: RHB Steve Hasson 0-0: SINGLE (Line Drive, 78S, EV 95.6 MPH)
Batting: RHB Jeff Long 0-0: Ball
1-0: Called Strike
Steve Hasson steals 2nd base
1-1: Foul Ball, location: 2F
1-2: Ball
2-2: Strikes out swinging
Batting: SHB Conor Davies 0-0: Called Strike
0-1: Ball
1-1: Ground out 5-3 (Groundball, 5, EV 81.9 MPH)
Bottom of the 7th over - 0 runs, 1 hit, 0 errors, 1 left on base; Everett 3 - Los Angeles (NYP) 3
TOP OF THE 8TH
Everett AquaSox batting - Pitching for Los Angeles (NYP) Angels : RHP Pete Warren
Pitching: LHP Brandon Davis
Batting: SHB Detlef Oursler 0-0: Called Strike
0-1: Ball
1-1: Foul Ball, location: 2F
1-2: Foul Ball, location: 2F
1-2: Ball
2-2: Ball
3-2: Strikes out looking
Batting: RHB Chris Van Niel 0-0: Swinging Strike
0-1: Swinging Strike
0-2: Ball
1-2: Ball
2-2: Foul Ball, location: 2F
2-2: Ball
3-2: Base on Balls
Pinch Hitting: RHB Justin Colella 0-0: Ball
1-0: Called Strike
1-1: Foul Ball, location: 2F
1-2: Ball
2-2: Ground out U3 (Groundball, 3L, EV 85.0 MPH)
Chris Van Niel to second
Pitching: RHP Kevin Greene
Batting: SHB Ryan Clark 0-0: Called Strike
0-1: Ball
1-1: Ball
2-1: Ball
3-1: Base on Balls
Pinch Hitting: LHB Omar Colunga 0-0: Called Strike
0-1: Foul Ball, location: 2F
0-2: Ball
1-2: Ball
2-2: Strikes out looking
Top of the 8th over - 0 runs, 0 hits, 0 errors, 2 left on base; Everett 3 - Los Angeles (NYP) 3
BOTTOM OF THE 8TH
Los Angeles (NYP) Angels batting - Pitching for Everett AquaSox : RHP Rob Henry
Pitching: RHP Jace Daniels
Now at 2B: Clay Statum
Now at SS: Detlef Oursler
Now in RF: David Walker
Batting: RHB Jason Habeck 0-0: Called Strike
0-1: Ball
1-1: Ground out 5-3 (Groundball, 56S, EV 81.2 MPH)
Batting: RHB Steve Hughey 0-0: Ball
1-0: Ball
2-0: Foul Ball, location: 2F
2-1: Fly out, F9 (Line Drive, 9D, EV 90.6 MPH)
Batting: RHB David Kunze 0-0: Ball
1-0: Called Strike
1-1: Ball
2-1: Ball
3-1: Called Strike
3-2: Base on Balls
Batting: RHB Mario Velazquez 0-0: Called Strike
David Kunze steals 2nd base
0-1: Swinging Strike
0-2: Strikes out swinging
Bottom of the 8th over - 0 runs, 0 hits, 0 errors, 1 left on base; Everett 3 - Los Angeles (NYP) 3
TOP OF THE 9TH
Everett AquaSox batting - Pitching for Los Angeles (NYP) Angels : RHP Kevin Greene
Batting: SHB Raghnall Ahearne 0-0: Ground out 1-3 (Groundball, 13, EV 65.0 MPH)
Batting: LHB Kenny Gerrity 0-0: Ball
1-0: Called Strike
1-1: Called Strike
1-2: Foul Ball, location: 2F
1-2: Ball
2-2: Ball
3-2: Base on Balls
Pitching: RHP Joe Schuler
Batting: RHB John Peterson 0-0: SINGLE (Groundball, 56D, EV 98.1 MPH)
Kenny Gerrity to second
Batting: RHB Robby Cuellar 0-0: Ball
1-0: Foul Ball, location: 2F
1-1: Ball
2-1: Foul Ball, location: 2F
2-2: Grounds into double play, 4-6-3 (Groundball, 4S, EV 91.2 MPH)
Top of the 9th over - 0 runs, 1 hit, 0 errors, 1 left on base; Everett 3 - Los Angeles (NYP) 3
BOTTOM OF THE 9TH
Los Angeles (NYP) Angels batting - Pitching for Everett AquaSox : RHP Jace Daniels
Pitching: LHP Ed Gilroy
Batting: RHB D.J. Martinez 0-0: Foul Ball, location: 2F
0-1: Swinging Strike
0-2: Strikes out swinging
Batting: RHB Randy Grewe 0-0: Ball
1-0: Ball
2-0: Called Strike
2-1: Ball
3-1: Swinging Strike
3-2: Foul Ball, location: 2F
3-2: Foul Ball, location: 2F
3-2: Strikes out swinging
Batting: RHB Steve Hasson 0-0: Swinging Strike
0-1: Swinging Strike
0-2: Ball
1-2: Ball
2-2: Strikes out swinging
Bottom of the 9th over - 0 runs, 0 hits, 0 errors, 0 left on base; Everett 3 - Los Angeles (NYP) 3
TOP OF THE 10TH
Everett AquaSox batting - Pitching for Los Angeles (NYP) Angels : RHP Joe Schuler
Batting: SHB Detlef Oursler 0-0: Ball
1-0: Ball
2-0: Ball
3-0: Base on Balls
Batting: RHB Chris Van Niel 0-0: Called Strike
Detlef Oursler steals 2nd base (no throw)
0-1: Fly out, F4 (Flyball, 4D, EV 75.6 MPH)
Batting: RHB Clay Statum 0-0: Ball
1-0: Ball
2-0: Ball
3-0: Base on Balls
Batting: SHB Ryan Clark 0-0: Ball
Detlef Oursler steals 3rd base (no throw)
1-0: Called Strike
1-1: Foul Ball, location: 2F
1-2: Ball
2-2: Ball
Wild Pitch!
Detlef Oursler scores
Clay Statum to second
3-2: Base on Balls
Batting: LHB David Walker 0-0: SINGLE (Line Drive, 8RS, EV 93.1 MPH)
Clay Statum to third
Ryan Clark to second
Runner from 3rd tries for Home, SAFE, throw by CF to home
Batting: SHB Raghnall Ahearne 0-0: Ball
1-0: Ball
2-0: Ball
3-0: Base on Balls
Ryan Clark to third
David Walker to second
Batting: LHB Kenny Gerrity 0-0: Ball
1-0: Ball
2-0: Ball
3-0: Base on Balls
Ryan Clark scores
David Walker to third
Raghnall Ahearne to second
Batting: RHB John Peterson 0-0: Ball
1-0: Called Strike
1-1: GRAND SLAM HOME RUN (Flyball, 78XD, EV 109.4 MPH), Distance : 428 ft
Batting: RHB Robby Cuellar 0-0: Ball
1-0: Called Strike
1-1: Ball
2-1: Foul Ball, location: 2F
2-2: Ball
3-2: Base on Balls
Batting: SHB Detlef Oursler 0-0: Ball
1-0: Ball
2-0: Called Strike
2-1: Ball
Passed Ball!
Robby Cuellar to second
3-1: Base on Balls
Batting: RHB Chris Van Niel 0-0: Ball
1-0: Ball
Wild Pitch!
Robby Cuellar to third
Detlef Oursler to second
2-0: Ball
3-0: Called Strike
3-1: Called Strike
3-2: Strikes out swinging
Batting: RHB Clay Statum 0-0: Ball
1-0: Ball
2-0: Called Strike
2-1: SINGLE (Groundball, 3D, EV 109.4 MPH)
Robby Cuellar scores
Detlef Oursler to third
Runner from 3rd tries for Home, SAFE, throw by RF to home
Pitching: RHP Zach Robbins
Batting: SHB Ryan Clark 0-0: Fielders Choice at 2nd, U4 (Groundball, 4M, EV 98.1 MPH)
Top of the 10th over - 9 runs, 3 hits, 0 errors, 1 left on base; Everett 12 - Los Angeles (NYP) 3
BOTTOM OF THE 10TH
Los Angeles (NYP) Angels batting - Pitching for Everett AquaSox : LHP Ed Gilroy
Batting: RHB Jeff Long 0-0: Called Strike
0-1: Foul Ball, location: 2F
0-2: Ball
1-2: Strikes out swinging
Batting: SHB Conor Davies 0-0: Foul Ball, location: 2F
0-1: Called Strike
0-2: Strikes out swinging
Batting: RHB Jason Habeck 0-0: Ball
1-0: Foul Ball, location: 2F
1-1: Called Strike
1-2: Foul Ball, location: 2F
1-2: Ground out 6-3 (Groundball, 6M, EV 84.4 MPH)
Bottom of the 10th over - 0 runs, 0 hits, 0 errors, 0 left on base; Everett 12 - Los Angeles (NYP) 3
Thursday, March 31st , 2022 - OOTP Baseball 22.12 Build 89